 Dungeon Crawl Stone Soup version 0.28-a0-802-g09f76e8c00 (webtiles) character file.

Game seed: 18160034491795310987

16 nicknak712 the Skirmisher (level 2, 0/24 HPs)
             Began as a Demonspawn Berserker on Nov 6, 2021.
             Was a Follower of Trog.
             Slain by a kobold (5 damage)
             ... on level 1 of the Dungeon.
             The game lasted 00:03:38 (1015 turns).

nicknak712 the Skirmisher (Demonspawn Berserker)    Turns: 1015, Time: 00:03:39

Health: 0/24       AC:  2    Str: 17    XL:     2   Next: 41%
Magic:  2/2        EV: 12    Int:  8    God:    Trog [*.....]
Gold:   0          SH:  0    Dex: 12    Spells: 1/1 levels left

rFire   . . .      SeeInvis .   (no weapon)
rCold   . . .      Faith    .   (no shield)
rNeg    . . .      Spirit   .   b - +0 animal skin
rPois   .          Reflect  .   (no helmet)
rElec   .          Harm     .   (no cloak)
rCorr   .          Rampage  .   (no gloves)
Will    .....                   (no boots)
Stlth   +.........              (no amulet)
HPRegen 0.08/turn               (no ring)
MPRegen 0.08/turn               (no ring)

@: no status effects
A: claws 1
a: Renounce Religion, Berserk


You were on level 1 of the Dungeon.
You worshipped Trog.
Trog was aware of your devotion.
You visited 1 branch of the dungeon, and saw 1 of its levels.

Inventory:

Hand Weapons
 a - a +0 hand axe
Armour
 b - a +0 animal skin (worn)


   Skills:
 + Level 3.1 Fighting
 - Level 2.9 Axes
 - Level 2.0 Armour
 * Level 2.0 Dodging
 * Level 0.3 Unarmed Combat


You had one spell level left.
You didn't know any spells.
Your spell library was empty.

Dungeon Overview and Level Annotations

Branches:
Dungeon (1/15)

Altars:


Innate Abilities, Weirdness & Mutations

You have sharp fingernails.


Message History

* * * LOW HITPOINT WARNING * * *
Your surroundings suddenly seem different.
You start resting.
You are starting to lose your buoyancy.
You start resting.
You float gracefully downwards.
You feel your willpower return.
You start resting.
A kobold is nearby!
You start resting.
A kobold is nearby!
A kobold is nearby!
The kobold throws a stone.
The stone barely misses you.
The kobold throws a stone.
The stone hits you but does no damage.
The kobold throws a stone.
The stone hits you.
The kobold throws a stone.
The stone closely misses you. The kobold barely misses you.
You scratch the kobold but do no damage.
The kobold hits you but does no damage.
You miss the kobold. The kobold barely misses you.
You barely miss the kobold. The kobold barely misses you.
You closely miss the kobold. The kobold closely misses you.
You barely miss the kobold. The kobold hits you with a +0 whip.
You scratch the kobold.
The kobold is heavily wounded.
The kobold hits you with a +0 whip.
* * * LOW HITPOINT WARNING * * *
You barely miss the kobold.
The kobold is heavily wounded.
The kobold misses you.
You closely miss the kobold.
The kobold is heavily wounded.
The kobold misses you.
You scratch the kobold but do no damage.
The kobold is heavily wounded.
The kobold closely misses you.
You barely miss the kobold.
The kobold is heavily wounded.
The kobold hits you with a +0 whip.
You die...

...... #............ .....#
###### #............ .....#
#....# ######.⌠.####
#....###....#########.# #...#.#.
..........K...........# #.⌠.#...
.....###....####..###.# #...#...
.....###....# #..# #.# #.⌠.#...
..........### #K.# #.# #...#...
....#.##### ##@.###.# #.⌠.#...
....#.#########.......####...#...
...............#........##.>.#...
......w........#..###.#.##...#...
......................#.#........
........>..........##.....†####..
...............#...##....†.......
...........#...#..........##.
...........#...#..#..........


You could see a kobold.

Vanquished Creatures
  A ball python (D:1)
  A goblin (D:1)
  2 jackals (D:1)
  3 quokkas (D:1)
  2 bats (D:1)
  A frilled lizard (D:1)
  3 kobolds (D:1)
  2 rats (D:1)
15 creatures vanquished.

Notes
Turn   | Place    | Note
-------+----------+-------------------------------------------
     0 | D:1      | nicknak712 the Demonspawn Berserker began the quest for the
                  | Orb.
     0 | D:1      | Reached XP level 1. HP: 18/18 MP: 1/1
   546 | D:1      | Gained mutation: You have sharp fingernails. [demonic
                  | ancestry]
   546 | D:1      | Reached XP level 2. HP: 24/24 MP: 2/2
   856 | D:1      | HP: 1/24 [dart slug/slug dart (2)]
  1015 | D:1      | Slain by a kobold

Illustrated notes

Levels and vault maps discovered:
D:1:      lemuel_arrival_hallway, layout_basic,
          shapermc_ecumenical_altar_mp_urbaneastern, minmay_indecisive_spiral

Skill      XL: |  1  2 |
---------------+-------+-----
Dodging        | 2 |  2.0
Armour         | 2 |  2.0
Fighting       | |  3.1
Axes           | |  2.9
Unarmed Combat | |  0.3

Action                   || total
-------------------------++-------
Melee: Hand axe          ||    31
       Unarmed           ||    43
  Use: Scroll            ||     2
       Potion            ||     1
Armor: Animal skin       ||    27
Dodge: Dodged            ||    53

Table legend: (Time is in decaauts)
 A = Elapsed time spent in this place.
 B = Non-inter-level travel time spent in this place.
 C = Inter-level travel time spent in this place.
 D = Time resting spent in this place.
 E = Time spent auto-exploring this place.
 F = Levels seen in this place.
 G = Mean time per level.
                   A        B        C        D        E       F      G
               +--------+--------+--------+--------+--------+-----+--------+
         Total |   1019 |   1019 |      0 |    438 |    403 |   1 | 1019.0 |
       Dungeon |   1019 |   1019 |      0 |    438 |    403 |   1 | 1019.0 |
               +--------+--------+--------+--------+--------+-----+--------+

Top non-repeatable levels by time:
     D:1: 1019 daAuts
